London Knights vs Erie Otters
Created - Friday, March 24, 2023 at 07:22
Goals
|
| London Knights |
1 |
1 |
1 |
0 |
3 |
| Erie Otters |
1 |
0 |
2 |
1 |
4 |
|
Shots
|
| London Knights |
7 |
9 |
9 |
0 |
25 |
| Erie Otters |
8 |
6 |
13 |
1 |
28 |
|
1st period
1. Erie Otters , Matt Tennyson 1 (Paul Cotter 5, Alex Newhook 19) at 0:25 (PP)
2. London Knights , Ethan Bear 1 (Dominik Bokk 2, Curtis Douglas 5) at 19:05 (PP)
Penalties :
Tyce Thompson (LKN) for Interference (Minor) at 0:21, Alex Gallant (ERO) for Checking from behind (Minor) at 14:38, Aaron Luchuk (ERO) for Tripping (Minor) at 17:48, Paul Cotter (ERO) for Hooking (Minor) at 18:50
2nd period
3. London Knights , Jan Jenik 3 (Ethan Bear 5, Tyce Thompson 2) at 0:26 (PP)
Penalties :
Aaron Luchuk (ERO) for Fighting (Major) at 4:50, Dominik Bokk (LKN) for Fighting (Major) at 4:50, Paul Cotter (ERO) for High sticking (Minor) at 13:25
3rd period
4. Erie Otters , Alex Biega 3 (Matt Tennyson 2, Alex Newhook 20) at 6:13 (PP)
5. Erie Otters , Ty Ronning 6 (Andy Andreoff 9, Adam Clendening 4) at 13:39
6. London Knights , Ethan Bear 2 (Jan Jenik 5, Tyce Thompson 3) at 14:09 (PP)
Penalties :
Tyce Thompson (LKN) for Interference (Minor) at 5:58, Paul Cotter (ERO) for Hooking (Minor) at 14:01, Declan McDonnell (LKN) for Slashing (Minor) at 17:05
Overtime #1
7. Erie Otters , Ty Ronning 7 (Alex-Olivier Voyer 1, Andy Andreoff 10) at 0:52
Penalties :
No Penalty
Goalie Stats
Michael Hutchinson (LKN), 24 saves from 28 shots - (0.857), OTL, 0-2-1, 60:52 minutes
Keith Kinkaid (ERO), 22 saves from 25 shots - (0.880), W, 4-4-1, 60:52 minutes
Players Stats for London Knights
Player Name G A P +/- PIM S H SB GA TA FO MP PP MP PK MP
------------------------------------------------------------------------------------
Alexander Alexeyev 0 0 0 0 0 0 0 0 0 1 0/0 14:34 0:01 0:00
Christian Wolanin 0 0 0 -1 0 1 1 0 0 1 1/1 20:46 2:23 0:50
Curtis Douglas 0 1 1 0 0 3 2 0 0 1 4/12 21:59 2:54 1:06
Declan McDonnell 0 0 0 0 2 1 1 1 0 0 0/2 20:35 3:00 0:00
Dmitri Samorukov 0 0 0 0 0 0 0 0 0 0 0/0 3:56 0:00 0:00
Dominik Bokk 0 1 1 0 5 3 0 0 0 0 0/0 19:44 2:54 0:42
Drew Helleson 0 0 0 0 0 0 1 0 0 0 0/0 0:33 0:00 0:00
Ethan Bear 2 1 3 0 0 4 2 0 0 1 0/1 25:16 4:22 1:28
Guillaume Brisebois 0 0 0 0 0 0 0 0 0 0 0/0 8:35 0:00 0:00
Jake Christiansen 0 0 0 0 0 0 2 1 0 0 0/0 13:10 0:00 0:00
Jan Jenik 1 1 2 -1 0 3 2 0 0 1 11/27 23:37 3:49 1:10
Jordan Oesterle 0 0 0 -2 0 1 0 0 1 0 0/0 20:08 2:22 0:50
Sami Niku 0 0 0 -1 0 0 2 0 0 0 0/0 15:34 0:00 0:00
Santeri Hatakka 0 0 0 0 0 0 0 0 0 0 0/0 14:58 0:01 0:01
Simon Lundmark 0 0 0 0 0 0 0 0 0 0 0/0 7:22 0:00 0:00
Simon Ryfors 0 0 0 -2 0 2 0 0 0 2 0/1 22:36 3:49 0:50
Troy Stecher 0 0 0 0 0 2 1 1 0 0 0/0 25:11 4:22 1:28
Tyce Thompson 0 2 2 -2 4 5 0 0 0 0 0/0 22:32 3:43 0:47
Players Stats for Erie Otters
Player Name G A P +/- PIM S H SB GA TA FO MP PP MP PK MP
------------------------------------------------------------------------------------
Aaron Luchuk 0 0 0 1 7 3 2 0 0 0 2/3 13:08 0:00 1:30
Abbott Girduckis 0 0 0 0 0 0 0 0 0 0 0/0 7:08 0:00 0:00
Adam Brubacher 0 0 0 0 0 0 1 0 0 0 0/0 6:24 0:00 0:00
Adam Clendening 0 1 1 1 0 0 0 1 1 0 0/0 21:06 0:43 2:55
Alec McCrea 0 0 0 1 0 0 2 0 0 0 0/0 12:49 0:00 0:00
Alex Biega 1 0 1 1 0 1 0 3 0 0 0/0 21:49 1:35 3:49
Alex Gallant 0 0 0 1 2 1 2 0 0 0 1/1 12:42 0:00 0:00
Alex Newhook 0 2 2 0 0 5 2 2 2 0 17/30 24:02 1:19 4:05
Alex Petrovic 0 0 0 1 0 0 1 2 0 0 0/0 20:31 0:43 2:55
Alex-Olivier Voyer 0 1 1 1 0 0 3 0 1 0 0/0 10:32 0:10 0:00
Andy Andreoff 0 2 2 0 0 4 2 0 0 0 4/6 18:46 0:59 2:07
Kevin Davis 0 0 0 0 0 0 1 0 0 0 0/0 13:00 0:00 0:00
Matt Tennyson 1 1 2 0 0 3 0 6 0 0 0/0 26:05 1:35 3:49
Michael Eyssimont 0 0 0 0 0 1 4 0 1 0 0/0 18:20 0:48 0:42
Paul Cotter 0 1 1 0 6 2 0 0 0 0 3/3 18:33 1:19 0:53
Sampo Ranta 0 0 0 0 0 3 1 0 0 0 0/0 15:32 0:49 0:03
Trent Frederic 0 0 0 0 0 1 1 1 2 0 1/1 21:44 1:19 3:52
Ty Ronning 2 0 2 2 0 4 3 0 0 1 0/0 14:12 0:11 0:00
3 Stars
1 - Ty Ronning (ERO)
2 - Ethan Bear (LKN)
3 - Matt Tennyson (ERO)
Power Play
London Knights - 3 on 5 Attempt(s) - 60.00%
Erie Otters - 2 on 3 Attempt(s) - 66.67%
Penalty Kill
London Knights - 1 on 3 Attempt(s) - 33.33%
- Score 0 goal in Penalty Kill
Erie Otters - 2 on 5 Attempt(s) - 40.00%
- Score 0 goal in Penalty Kill
Team Stat
London Knights - Hits : 14 - Faceoff Wins : 16 - Blocked Shots : 3 - Penalty Minutes : 11
Erie Otters - Hits : 25 - Faceoff Wins : 28 - Blocked Shots : 15 - Penalty Minutes : 15
Official
Referees : Graham Skiliter and Jean Hebert
Linesman : Devin Berg and Ryan Galloway
Game Notes
Aaron Luchuk beats up Dominik Bokk at 4:50 of 2nd period
London Knights
5 vs 5 Forward
Center Left Wing Right Wing Time % Phy DF OF
1 Jan Jenik Simon Ryfors Tyce Thompson 40 1 2 2
2 Curtis Douglas Dominik Bokk Declan McDonnell 30 1 2 2
3 Jan Jenik Curtis Douglas Tyce Thompson 20 1 2 2
4 Simon Ryfors Dominik Bokk Declan McDonnell 10 1 2 2
5 vs 5 Defense
Defense Defense Time % Phy DF OF
1 Troy Stecher Ethan Bear 40 1 2 2
2 Jordan Oesterle Christian Wolanin 30 1 2 2
3 Sami Niku Santeri Hatakka 20 1 2 2
4 Alexander Alexeyev Jake Christiansen 10 1 2 2
PowerPlay Forward
Center Left Wing Right Wing Time % Phy DF OF
1 Jan Jenik Simon Ryfors Tyce Thompson 60 1 2 2
2 Curtis Douglas Dominik Bokk Declan McDonnell 40 1 2 2
PowerPlay Defense
Defense Defense Time % Phy DF OF
1 Troy Stecher Ethan Bear 60 1 2 2
2 Jordan Oesterle Christian Wolanin 40 1 2 2
Penalty Kill 4 Players Forward
Center Wing Time % Phy DF OF
1 Jan Jenik Curtis Douglas 60 1 2 2
2 Tyce Thompson Simon Ryfors 40 1 2 2
Penalty Kill 4 Players Defense
Defense Defense Time % Phy DF OF
1 Troy Stecher Ethan Bear 60 1 2 2
2 Jordan Oesterle Christian Wolanin 40 1 2 2
Penalty Kill - 3 Players Forward
Forward Time % Phy DF OF
1 Jan Jenik 60 1 2 2
2 Curtis Douglas 40 1 2 2
Penalty Kill - 3 Players Defense
Defense Defense Time % Phy DF OF
1 Troy Stecher Ethan Bear 60 1 2 2
2 Jordan Oesterle Christian Wolanin 40 1 2 2
4 vs 4 Forward
Center Wing Time % Phy DF OF
1 Jan Jenik Curtis Douglas 60 1 2 2
2 Tyce Thompson Simon Ryfors 40 1 2 2
4 vs 4 Defense
Defense Defense Time % Phy DF OF
1 Troy Stecher Ethan Bear 60 1 2 2
2 Jordan Oesterle Christian Wolanin 40 1 2 2
Last Minutes Offensive
Center Left Wing Right Wing Defense Defense
Jan Jenik Simon Ryfors Tyce Thompson Troy Stecher Ethan Bear
Last Minutes Defensive
Center Left Wing Right Wing Defense Defense
Jan Jenik Simon Ryfors Tyce Thompson Troy Stecher Ethan Bear
Goaltenders
Starting : Michael Hutchinson
Backup : Michael McNiven
Extra Forwards
Normal : Dominik Bokk, Declan McDonnell, Tyce Thompson - PP : Dominik Bokk, Declan McDonnell - PK : Tyce Thompson
Extra Defensemen
Normal : Simon Lundmark, Guillaume Brisebois, Dmitri Samorukov - PP : Simon Lundmark - PK : Guillaume Brisebois, Dmitri Samorukov
Penalty Shots
Jan Jenik, Curtis Douglas, Tyce Thompson, Simon Ryfors, Dominik Bokk
Erie Otters
5 vs 5 Forward
Center Left Wing Right Wing Time % Phy DF OF
1 Alex Newhook Trent Frederic Paul Cotter 40 1 2 2
2 Andy Andreoff Michael Eyssimont Sampo Ranta 30 1 2 2
3 Aaron Luchuk Alex Gallant Ty Ronning 20 1 2 2
4 Abbott Girduckis Alex Newhook Alex-Olivier Voyer 10 1 2 2
5 vs 5 Defense
Defense Defense Time % Phy DF OF
1 Matt Tennyson Alex Biega 40 1 2 2
2 Adam Clendening Alex Petrovic 30 1 2 2
3 Alec McCrea Kevin Davis 20 1 2 2
4 Adam Brubacher Matt Tennyson 10 1 2 2
PowerPlay Forward
Center Left Wing Right Wing Time % Phy DF OF
1 Alex Newhook Trent Frederic Paul Cotter 60 1 2 2
2 Andy Andreoff Michael Eyssimont Sampo Ranta 40 1 2 2
PowerPlay Defense
Defense Defense Time % Phy DF OF
1 Matt Tennyson Alex Biega 60 1 2 2
2 Adam Clendening Alex Petrovic 40 1 2 2
Penalty Kill 4 Players Forward
Center Wing Time % Phy DF OF
1 Alex Newhook Trent Frederic 60 1 2 2
2 Andy Andreoff Paul Cotter 40 1 2 2
Penalty Kill 4 Players Defense
Defense Defense Time % Phy DF OF
1 Matt Tennyson Alex Biega 60 1 2 2
2 Adam Clendening Alex Petrovic 40 1 2 2
Penalty Kill - 3 Players Forward
Forward Time % Phy DF OF
1 Alex Newhook 60 1 2 2
2 Trent Frederic 40 1 2 2
Penalty Kill - 3 Players Defense
Defense Defense Time % Phy DF OF
1 Matt Tennyson Alex Biega 60 1 2 2
2 Adam Clendening Alex Petrovic 40 1 2 2
4 vs 4 Forward
Center Wing Time % Phy DF OF
1 Alex Newhook Trent Frederic 60 1 2 2
2 Andy Andreoff Paul Cotter 40 1 2 2
4 vs 4 Defense
Defense Defense Time % Phy DF OF
1 Matt Tennyson Alex Biega 60 1 2 2
2 Adam Clendening Alex Petrovic 40 1 2 2
Last Minutes Offensive
Center Left Wing Right Wing Defense Defense
Alex Newhook Trent Frederic Paul Cotter Matt Tennyson Alex Biega
Last Minutes Defensive
Center Left Wing Right Wing Defense Defense
Alex Newhook Trent Frederic Paul Cotter Matt Tennyson Alex Biega
Goaltenders
Starting : Keith Kinkaid
Backup : Brad Thiessen
Extra Forwards
Normal : Ty Ronning, Alex-Olivier Voyer, Aaron Luchuk - PP : Ty Ronning, Alex-Olivier Voyer - PK : Aaron Luchuk
Extra Defensemen
Normal : Alec McCrea, Kevin Davis, Adam Brubacher - PP : Alec McCrea - PK : Kevin Davis, Adam Brubacher
Penalty Shots
Alex Newhook, Trent Frederic, Andy Andreoff, Paul Cotter, Michael Eyssimont
% Time on Ice - London Knights
Lines # - Real PCT - Wanted PCT - Time Play
Normal Forward
1 - 39% - 40% - 19:38
2 - 34% - 30% - 17:32
3 - 16% - 20% - 8:13
4 - 11% - 10% - 5:35
Normal Defense
1 - 26% - 40% - 13:10
2 - 30% - 30% - 15:30
3 - 21% - 20% - 10:39
4 - 23% - 10% - 11:39
PP Forward
1 - 57% - 60% - 3:50
2 - 43% - 40% - 2:54
PP Defense
1 - 65% - 60% - 4:22
2 - 35% - 40% - 2:22
PK Forward
1 - 90% - 60% - 2:04
2 - 10% - 40% - 0:14
PK Defense
1 - 64% - 60% - 1:28
2 - 36% - 40% - 0:50
PK3 Forward
1 - 0% - 60%
2 - 0% - 40%
PK3 Defense
1 - 0% - 60%
2 - 0% - 40%
44 Forward
1 - 88% - 60% - 0:46
2 - 12% - 40% - 0:06
44 Defense
1 - 56% - 60% - 0:29
2 - 44% - 40% - 0:23
Last Minute Offensive - 0:00
Last Minute Defensive - 0:00
Total
Forward - 60:52
Defense - 60:52
|
% Time on Ice - Erie Otters
Lines # - Real PCT - Wanted PCT - Time Play
Normal Forward
1 - 33% - 40% - 16:56
2 - 29% - 30% - 14:49
3 - 24% - 20% - 12:05
4 - 14% - 10% - 7:08
Normal Defense
1 - 31% - 40% - 15:47
2 - 33% - 30% - 16:39
3 - 25% - 20% - 12:45
4 - 11% - 10% - 5:47
PP Forward
1 - 57% - 60% - 1:19
2 - 43% - 40% - 0:59
PP Defense
1 - 69% - 60% - 1:35
2 - 31% - 40% - 0:43
PK Forward
1 - 67% - 60% - 4:22
2 - 33% - 40% - 2:07
PK Defense
1 - 55% - 60% - 3:34
2 - 45% - 40% - 2:55
PK3 Forward
1 - 100% - 60% - 0:15
2 - 0% - 40% - 0:00
PK3 Defense
1 - 100% - 60% - 0:15
2 - 0% - 40% - 0:00
44 Forward
1 - 83% - 60% - 0:43
2 - 17% - 40% - 0:09
44 Defense
1 - 73% - 60% - 0:38
2 - 27% - 40% - 0:14
Last Minute Offensive - 0:00
Last Minute Defensive - 0:00
Total
Forward - 60:52
Defense - 60:52
|
Play-by-Play
1st period
0:01 of 1st period - Alex Newhook wins face-off versus Jan Jenik in neutral zone.
0:21 of 1st period - Minor Penalty to Tyce Thompson for Interference.
0:22 of 1st period - Alex Newhook wins face-off versus Curtis Douglas in London Knights zone.
0:23 of 1st period - Wrist shot by Paul Cotter.
0:23 of 1st period - Stopped by Michael Hutchinson with a rebound.
0:25 of 1st period - Slapshot by Matt Tennyson.
0:25 of 1st period - Goal by Matt Tennyson - London Knights : 0 - Erie Otters : 1.
0:26 of 1st period - Aaron Luchuk wins face-off versus Curtis Douglas in neutral zone.
0:37 of 1st period - Snap shot by Curtis Douglas.
0:37 of 1st period - Stopped by Keith Kinkaid with a rebound.
0:39 of 1st period - Slapshot by Christian Wolanin.
0:39 of 1st period - Stopped by Keith Kinkaid with a rebound.
1:13 of 1st period - Wrist shot by Dominik Bokk.
1:13 of 1st period - Stopped by Keith Kinkaid without a rebound.
1:14 of 1st period - Alex Newhook wins face-off versus Curtis Douglas in Erie Otters zone.
1:14 of 1st period - Alex Newhook is hit by Jake Christiansen.
1:30 of 1st period - Wrist shot by Paul Cotter.
1:30 of 1st period - Shot Misses the Net.
1:32 of 1st period - Backhand shot by Paul Cotter.
1:32 of 1st period - Deflect By Alex Newhook.
1:32 of 1st period - Shot Misses the Net.
1:32 of 1st period - Puck is out of play.
1:33 of 1st period - Jan Jenik wins face-off versus Andy Andreoff in London Knights zone.
2:01 of 1st period - Slapshot by Simon Ryfors.
2:01 of 1st period - Shot Misses the Net.
2:46 of 1st period - Backhand shot by Andy Andreoff.
2:46 of 1st period - Shot Misses the Net.
2:52 of 1st period - Wrist shot by Andy Andreoff.
2:52 of 1st period - Stopped by Michael Hutchinson with a rebound.
3:16 of 1st period - Snap shot by Ty Ronning.
3:16 of 1st period - Stopped by Michael Hutchinson with a rebound.
4:41 of 1st period - Jake Christiansen is hit by Aaron Luchuk and loses puck.
5:00 of 1st period - Christian Wolanin is hit by Andy Andreoff and loses puck.
5:36 of 1st period - Guillaume Brisebois is hit by Michael Eyssimont.
5:50 of 1st period - Jordan Oesterle is hit by Alec McCrea and loses puck.
7:10 of 1st period - Dominik Bokk is hit by Alex-Olivier Voyer and loses puck.
7:23 of 1st period - Snap shot by Alex Newhook.
7:23 of 1st period - Shot Misses the Net.
7:41 of 1st period - Santeri Hatakka is hit by Ty Ronning and loses puck.
8:54 of 1st period - Matt Tennyson is hit by Drew Helleson and loses puck.
9:24 of 1st period - Abbott Girduckis is hit by Curtis Douglas and loses puck.
11:46 of 1st period - Tyce Thompson is hit by Aaron Luchuk and loses puck.
14:38 of 1st period - Minor Penalty to Alex Gallant for Checking from behind.
14:39 of 1st period - Jan Jenik wins face-off versus Alex Newhook in Erie Otters zone.
14:42 of 1st period - Snap shot by Tyce Thompson.
14:42 of 1st period - Shot Misses the Net.
14:52 of 1st period - Trent Frederic is hit by Curtis Douglas.
15:25 of 1st period - Icing by Declan McDonnell.
15:26 of 1st period - Paul Cotter wins face-off versus Jan Jenik in London Knights zone.
16:38 of 1st period - Penalty to Alex Gallant is over, Alex Gallant is back on ice.
17:18 of 1st period - Snap shot by Andy Andreoff.
17:18 of 1st period - Stopped by Michael Hutchinson without a rebound.
17:19 of 1st period - Andy Andreoff wins face-off versus Curtis Douglas in London Knights zone.
17:48 of 1st period - Minor Penalty to Aaron Luchuk for Tripping.
17:49 of 1st period - Alex Newhook wins face-off versus Jan Jenik in Erie Otters zone.
17:56 of 1st period - Snap shot by Alex Newhook.
17:56 of 1st period - Stopped by Michael Hutchinson without a rebound.
17:57 of 1st period - Alex Newhook wins face-off versus Jan Jenik in London Knights zone.
18:19 of 1st period - Slapshot by Ethan Bear.
18:19 of 1st period - Deflect By Curtis Douglas.
18:19 of 1st period - Deflect By Alex Newhook.
18:19 of 1st period - Stopped by Keith Kinkaid with a rebound.
18:21 of 1st period - Slapshot by Curtis Douglas.
18:21 of 1st period - Shot Blocked by Matt Tennyson.
18:27 of 1st period - Slapshot by Troy Stecher.
18:27 of 1st period - Shot Blocked by Matt Tennyson.
18:29 of 1st period - Wrist shot by Troy Stecher.
18:29 of 1st period - Stopped by Keith Kinkaid with a rebound.
18:50 of 1st period - Minor Penalty to Paul Cotter for Hooking.
18:51 of 1st period - Curtis Douglas wins face-off versus Alex Newhook in Erie Otters zone.
18:53 of 1st period - Slapshot by Curtis Douglas.
18:53 of 1st period - Deflect By Dominik Bokk.
18:53 of 1st period - Shot Misses the Net.
18:53 of 1st period - Puck is out of play.
18:54 of 1st period - Alex Newhook wins face-off versus Curtis Douglas in Erie Otters zone.
19:05 of 1st period - Snap shot by Ethan Bear.
19:05 of 1st period - Goal by Ethan Bear - London Knights : 1 - Erie Otters : 1.
19:06 of 1st period - Alex Newhook wins face-off versus Jan Jenik in neutral zone.
19:11 of 1st period - Ethan Bear is hit by Alex Newhook and loses puck.
19:22 of 1st period - Snap shot by Alex Newhook.
19:22 of 1st period - Stopped by Michael Hutchinson with a rebound.
19:34 of 1st period - Slapshot by Troy Stecher.
19:34 of 1st period - Deflect By Matt Tennyson.
19:34 of 1st period - Stopped by Keith Kinkaid without a rebound.
19:35 of 1st period - Andy Andreoff wins face-off versus Declan McDonnell in Erie Otters zone.
19:42 of 1st period - Snap shot by Aaron Luchuk.
19:42 of 1st period - Stopped by Michael Hutchinson with a rebound.
Goals for this period are 1 for London Knights vs 1 for Erie Otters.
Shots for this period are 7 for London Knights vs 8 for Erie Otters.
2nd period
0:01 of 2nd period - Jan Jenik wins face-off versus Alex Newhook in neutral zone.
0:06 of 2nd period - Snap shot by Jan Jenik.
0:06 of 2nd period - Shot Blocked by Alex Biega.
0:08 of 2nd period - Slapshot by Ethan Bear.
0:08 of 2nd period - Stopped by Keith Kinkaid without a rebound.
0:09 of 2nd period - Jan Jenik wins face-off versus Alex Newhook in Erie Otters zone.
0:12 of 2nd period - Slapshot by Tyce Thompson.
0:12 of 2nd period - Stopped by Keith Kinkaid with a rebound.
0:14 of 2nd period - Slapshot by Ethan Bear.
0:14 of 2nd period - Shot Blocked by Matt Tennyson.
0:16 of 2nd period - Wrist shot by Simon Ryfors.
0:16 of 2nd period - Deflect By Tyce Thompson.
0:16 of 2nd period - Stopped by Keith Kinkaid with a rebound.
0:18 of 2nd period - Slapshot by Tyce Thompson.
0:18 of 2nd period - Stopped by Keith Kinkaid with a rebound.
0:20 of 2nd period - Slapshot by Jan Jenik.
0:20 of 2nd period - Shot Blocked by Matt Tennyson.
0:22 of 2nd period - Snap shot by Jan Jenik.
0:22 of 2nd period - Shot Misses the Net.
0:24 of 2nd period - Slapshot by Ethan Bear.
0:24 of 2nd period - Shot Misses the Net.
0:26 of 2nd period - Snap shot by Jan Jenik.
0:26 of 2nd period - Goal by Jan Jenik - London Knights : 2 - Erie Otters : 1.
0:27 of 2nd period - Alex Newhook wins face-off versus Jan Jenik in neutral zone.
1:03 of 2nd period - Slapshot by Troy Stecher.
1:03 of 2nd period - Deflect By Dominik Bokk.
1:03 of 2nd period - Stopped by Keith Kinkaid without a rebound.
1:04 of 2nd period - Curtis Douglas wins face-off versus Alex Newhook in Erie Otters zone.
1:05 of 2nd period - Slapshot by Dominik Bokk.
1:05 of 2nd period - Shot Misses the Net.
1:15 of 2nd period - Snap shot by Paul Cotter.
1:15 of 2nd period - Deflect By Alex Newhook.
1:15 of 2nd period - Stopped by Michael Hutchinson without a rebound.
1:16 of 2nd period - Paul Cotter wins face-off versus Jan Jenik in London Knights zone.
1:19 of 2nd period - Slapshot by Alex Newhook.
1:19 of 2nd period - Shot Misses the Net.
1:27 of 2nd period - Slapshot by Troy Stecher.
1:27 of 2nd period - Shot Misses the Net.
1:29 of 2nd period - Snap shot by Jan Jenik.
1:29 of 2nd period - Shot Blocked by Alex Newhook.
1:31 of 2nd period - Snap shot by Tyce Thompson.
1:31 of 2nd period - Deflect By Alex Newhook.
1:31 of 2nd period - Stopped by Keith Kinkaid with a rebound.
2:58 of 2nd period - Jordan Oesterle is hit by Alex Gallant and loses puck.
3:24 of 2nd period - Snap shot by Sampo Ranta.
3:24 of 2nd period - Stopped by Michael Hutchinson with a rebound.
3:26 of 2nd period - Wrist shot by Michael Eyssimont.
3:26 of 2nd period - Shot Misses the Net.
3:44 of 2nd period - Christian Wolanin is hit by Ty Ronning and loses puck.
4:16 of 2nd period - Icing by Alex Petrovic.
4:17 of 2nd period - Paul Cotter wins face-off versus Jan Jenik in Erie Otters zone.
4:17 of 2nd period - Paul Cotter is hit by Jake Christiansen.
4:35 of 2nd period - Snap shot by Andy Andreoff.
4:35 of 2nd period - Shot Misses the Net.
4:43 of 2nd period - Slapshot by Andy Andreoff.
4:43 of 2nd period - Deflect By Sampo Ranta.
4:43 of 2nd period - Stopped by Michael Hutchinson with a rebound.
4:45 of 2nd period - Backhand shot by Matt Tennyson.
4:45 of 2nd period - Stopped by Michael Hutchinson without a rebound.
4:46 of 2nd period - Curtis Douglas wins face-off versus Aaron Luchuk in London Knights zone.
4:50 of 2nd period - Aaron Luchuk beats up Dominik Bokk.
4:50 of 2nd period - Penalty to Aaron Luchuk for Fighting.
4:50 of 2nd period - Penalty to Dominik Bokk for Fighting.
4:51 of 2nd period - Jan Jenik wins face-off versus Alex Newhook in neutral zone.
5:02 of 2nd period - Slapshot by Jan Jenik.
5:02 of 2nd period - Stopped by Keith Kinkaid with a rebound.
5:04 of 2nd period - Snap shot by Jan Jenik.
5:04 of 2nd period - Shot Blocked by Alex Biega.
5:06 of 2nd period - Wrist shot by Simon Ryfors.
5:06 of 2nd period - Stopped by Keith Kinkaid with a rebound.
5:16 of 2nd period - Declan McDonnell is hit by Michael Eyssimont and loses puck.
5:57 of 2nd period - Wrist shot by Trent Frederic.
5:57 of 2nd period - Deflect By Ty Ronning.
5:57 of 2nd period - Stopped by Michael Hutchinson with a rebound.
6:03 of 2nd period - Jordan Oesterle is hit by Alex Petrovic and loses puck.
8:44 of 2nd period - Icing by Alex Biega.
8:45 of 2nd period - Alex Gallant wins face-off versus Simon Ryfors in Erie Otters zone.
10:48 of 2nd period - Santeri Hatakka is hit by Alex-Olivier Voyer.
10:54 of 2nd period - Trent Frederic is hit by Sami Niku.
11:22 of 2nd period - Slapshot by Matt Tennyson.
11:22 of 2nd period - Stopped by Michael Hutchinson with a rebound.
11:46 of 2nd period - Alexander Alexeyev is hit by Trent Frederic and loses puck.
12:29 of 2nd period - Declan McDonnell is hit by Andy Andreoff and loses puck.
13:17 of 2nd period - Icing by Curtis Douglas.
13:18 of 2nd period - Christian Wolanin wins face-off versus Alex Newhook in London Knights zone.
13:25 of 2nd period - Minor Penalty to Paul Cotter for High sticking.
13:26 of 2nd period - Trent Frederic wins face-off versus Jan Jenik in Erie Otters zone.
13:39 of 2nd period - Snap shot by Tyce Thompson.
13:39 of 2nd period - Shot Blocked by Alex Petrovic.
13:41 of 2nd period - Snap shot by Tyce Thompson.
13:41 of 2nd period - Shot Misses the Net.
14:00 of 2nd period - Wrist shot by Ethan Bear.
14:00 of 2nd period - Shot Blocked by Adam Clendening.
14:34 of 2nd period - Aaron Luchuk is hit by Declan McDonnell and loses puck.
14:47 of 2nd period - Alex Newhook is hit by Jan Jenik and loses puck.
15:25 of 2nd period - Penalty to Paul Cotter is over, Paul Cotter is back on ice.
16:11 of 2nd period - Sami Niku is hit by Alec McCrea and loses puck.
17:44 of 2nd period - Alex-Olivier Voyer is hit by Christian Wolanin and loses puck.
19:13 of 2nd period - Alexander Alexeyev is hit by Alex Newhook and loses puck.
19:20 of 2nd period - Trent Frederic is hit by Sami Niku.
Goals for this period are 1 for London Knights vs 0 for Erie Otters.
Shots for this period are 9 for London Knights vs 6 for Erie Otters.
3rd period
0:01 of 3rd period - Alex Newhook wins face-off versus Jan Jenik in neutral zone.
0:15 of 3rd period - Off-side.
0:16 of 3rd period - Andy Andreoff wins face-off versus Curtis Douglas in neutral zone.
0:19 of 3rd period - Slapshot by Alex Biega.
0:19 of 3rd period - Shot Hit the Post.
0:39 of 3rd period - Michael Eyssimont is hit by Troy Stecher.
0:51 of 3rd period - Wrist shot by Tyce Thompson.
0:51 of 3rd period - Stopped by Keith Kinkaid without a rebound.
0:52 of 3rd period - Alex Newhook wins face-off versus Jan Jenik in Erie Otters zone.
1:01 of 3rd period - Wrist shot by Jan Jenik.
1:01 of 3rd period - Shot Blocked by Alex Petrovic.
1:17 of 3rd period - Declan McDonnell is hit by Alex Gallant and loses puck.
1:26 of 3rd period - Slapshot by Aaron Luchuk.
1:26 of 3rd period - Shot Misses the Net.
1:38 of 3rd period - Snap shot by Aaron Luchuk.
1:38 of 3rd period - Stopped by Michael Hutchinson with a rebound.
2:45 of 3rd period - Ethan Bear is hit by Michael Eyssimont and loses puck.
3:32 of 3rd period - Troy Stecher is hit by Alex-Olivier Voyer.
4:33 of 3rd period - Wrist shot by Michael Eyssimont.
4:33 of 3rd period - Stopped by Michael Hutchinson with a rebound.
4:57 of 3rd period - Snap shot by Aaron Luchuk.
4:57 of 3rd period - Stopped by Michael Hutchinson without a rebound.
4:58 of 3rd period - Aaron Luchuk wins face-off versus Ethan Bear in London Knights zone.
5:09 of 3rd period - Ty Ronning is hit by Ethan Bear and loses puck.
5:26 of 3rd period - Snap shot by Alex Gallant.
5:26 of 3rd period - Stopped by Michael Hutchinson with a rebound.
5:46 of 3rd period - Santeri Hatakka is hit by Sampo Ranta and loses puck.
5:53 of 3rd period - Snap shot by Andy Andreoff.
5:53 of 3rd period - Stopped by Michael Hutchinson without a rebound.
5:54 of 3rd period - Alex Newhook wins face-off versus Jan Jenik in London Knights zone.
5:58 of 3rd period - Minor Penalty to Tyce Thompson for Interference.
5:59 of 3rd period - Jan Jenik wins face-off versus Alex Newhook in London Knights zone.
6:09 of 3rd period - Snap shot by Alex Newhook.
6:09 of 3rd period - Stopped by Michael Hutchinson with a rebound.
6:11 of 3rd period - Backhand shot by Matt Tennyson.
6:11 of 3rd period - Shot Blocked by Troy Stecher.
6:13 of 3rd period - Snap shot by Alex Biega.
6:13 of 3rd period - Goal by Alex Biega - London Knights : 2 - Erie Otters : 2.
6:14 of 3rd period - Alex Newhook wins face-off versus Jan Jenik in neutral zone.
6:26 of 3rd period - Wrist shot by Jan Jenik.
6:26 of 3rd period - Stopped by Keith Kinkaid with a rebound.
6:45 of 3rd period - Snap shot by Curtis Douglas.
6:45 of 3rd period - Stopped by Keith Kinkaid without a rebound.
6:46 of 3rd period - Curtis Douglas wins face-off versus Andy Andreoff in Erie Otters zone.
6:47 of 3rd period - Slapshot by Jordan Oesterle.
6:47 of 3rd period - Stopped by Keith Kinkaid with a rebound.
6:49 of 3rd period - Wrist shot by Declan McDonnell.
6:49 of 3rd period - Stopped by Keith Kinkaid without a rebound.
6:50 of 3rd period - Andy Andreoff wins face-off versus Curtis Douglas in Erie Otters zone.
6:55 of 3rd period - Slapshot by Curtis Douglas.
6:55 of 3rd period - Shot Misses the Net.
6:57 of 3rd period - Snap shot by Dominik Bokk.
6:57 of 3rd period - Stopped by Keith Kinkaid without a rebound.
6:58 of 3rd period - Jan Jenik wins face-off versus Alex Newhook in Erie Otters zone.
7:05 of 3rd period - Wrist shot by Tyce Thompson.
7:05 of 3rd period - Deflect By Jan Jenik.
7:05 of 3rd period - Shot Blocked by Trent Frederic.
7:05 of 3rd period - Puck is out of play.
7:06 of 3rd period - Jan Jenik wins face-off versus Alex Newhook in Erie Otters zone.
7:13 of 3rd period - Wrist shot by Tyce Thompson.
7:13 of 3rd period - Shot Blocked by Matt Tennyson.
7:15 of 3rd period - Snap shot by Ethan Bear.
7:15 of 3rd period - Deflect By Alex Newhook.
7:15 of 3rd period - Stopped by Keith Kinkaid without a rebound.
7:16 of 3rd period - Jan Jenik wins face-off versus Alex Newhook in Erie Otters zone.
7:27 of 3rd period - Wrist shot by Jan Jenik.
7:27 of 3rd period - Shot Misses the Net.
7:29 of 3rd period - Wrist shot by Simon Ryfors.
7:29 of 3rd period - Shot Blocked by Alex Newhook.
7:31 of 3rd period - Snap shot by Tyce Thompson.
7:31 of 3rd period - Shot Misses the Net.
7:41 of 3rd period - Declan McDonnell is hit by Michael Eyssimont and loses puck.
7:48 of 3rd period - Slapshot by Sampo Ranta.
7:48 of 3rd period - Stopped by Michael Hutchinson with a rebound.
7:50 of 3rd period - Snap shot by Andy Andreoff.
7:50 of 3rd period - Stopped by Michael Hutchinson with a rebound.
8:28 of 3rd period - Snap shot by Alex Newhook.
8:28 of 3rd period - Stopped by Michael Hutchinson with a rebound.
8:30 of 3rd period - Wrist shot by Trent Frederic.
8:30 of 3rd period - Shot Blocked by Declan McDonnell.
9:30 of 3rd period - Alec McCrea is hit by Ethan Bear and loses puck.
11:26 of 3rd period - Sami Niku is hit by Adam Brubacher.
13:39 of 3rd period - Snap shot by Ty Ronning.
13:39 of 3rd period - Goal by Ty Ronning - London Knights : 2 - Erie Otters : 3.
13:40 of 3rd period - Alex Newhook wins face-off versus Curtis Douglas in neutral zone.
13:43 of 3rd period - Slapshot by Trent Frederic.
13:43 of 3rd period - Shot Hit the Post.
14:01 of 3rd period - Minor Penalty to Paul Cotter for Hooking.
14:02 of 3rd period - Jan Jenik wins face-off versus Alex Newhook in Erie Otters zone.
14:03 of 3rd period - Snap shot by Simon Ryfors.
14:03 of 3rd period - Stopped by Keith Kinkaid without a rebound.
14:04 of 3rd period - Jan Jenik wins face-off versus Alex Newhook in Erie Otters zone.
14:07 of 3rd period - Snap shot by Jan Jenik.
14:07 of 3rd period - Shot Blocked by Matt Tennyson.
14:09 of 3rd period - Slapshot by Ethan Bear.
14:09 of 3rd period - Goal by Ethan Bear - London Knights : 3 - Erie Otters : 3.
14:10 of 3rd period - Alex Newhook wins face-off versus Jan Jenik in neutral zone.
14:26 of 3rd period - Snap shot by Trent Frederic.
14:26 of 3rd period - Stopped by Michael Hutchinson with a rebound.
15:16 of 3rd period - Snap shot by Alex Newhook.
15:16 of 3rd period - Shot Misses the Net.
16:12 of 3rd period - Slapshot by Ty Ronning.
16:12 of 3rd period - Shot Blocked by Jake Christiansen.
16:14 of 3rd period - Slapshot by Paul Cotter.
16:14 of 3rd period - Stopped by Michael Hutchinson with a rebound.
17:05 of 3rd period - Minor Penalty to Declan McDonnell for Slashing.
17:06 of 3rd period - Alex Newhook wins face-off versus Jan Jenik in London Knights zone.
17:29 of 3rd period - Andy Andreoff is hit by Jan Jenik and loses puck.
19:05 of 3rd period - Penalty to Declan McDonnell is over, Declan McDonnell is back on ice.
19:10 of 3rd period - Jordan Oesterle is hit by Ty Ronning and loses puck.
19:35 of 3rd period - Dominik Bokk is hit by Kevin Davis and loses puck.
19:39 of 3rd period - Icing by Alexander Alexeyev.
19:40 of 3rd period - Alex Newhook wins face-off versus Declan McDonnell in London Knights zone.
Goals for this period are 1 for London Knights vs 2 for Erie Otters.
Shots for this period are 9 for London Knights vs 13 for Erie Otters.
Overtime #1
0:01 of 1st overtime period - Alex Newhook wins face-off versus Jan Jenik in neutral zone.
0:08 of 1st overtime period - Wrist shot by Trent Frederic.
0:08 of 1st overtime period - Shot Misses the Net.
0:16 of 1st overtime period - Slapshot by Ethan Bear.
0:16 of 1st overtime period - Shot Blocked by Alex Biega.
0:52 of 1st overtime period - Slapshot by Ty Ronning.
0:52 of 1st overtime period - Goal by Ty Ronning - London Knights : 3 - Erie Otters : 4.
Goals for this period are 0 for London Knights vs 1 for Erie Otters.
Shots for this period are 0 for London Knights vs 1 for Erie Otters.
Back to the Top